Unix xNetHack Version 8.0.0 - last build Dec 12 2023 02:29:49 (91f4f2a3cef525215d93041de673611803b6188e). Game began 2023-11-08 09:28:52, ended 2023-12-12 13:28:04. breadmaster, lawful female human Samurai ---- ---- --- --..------ |..| ---.--- |....--..| |..| |.....--- |........-- |-.| --.......-- --........|--..| - --.........------ -..|.....--..-- ---.--- |...............| ----.--|.........---- --.....| |...........--..| --....- ---^.......|.-- #*-)......| --..........--..| --....... --..........|-- ###.<...--- ---............| |......... --.........|.. -###....| #**###`.........-- |-.......- --..........--- -###......##* ##*##--)...^.....| -........| |......*.)...--------....#-..(.###--- **`# #*`##....|......-- .....--..--- -.---..--....)...)....--###..)## #..#- ##* #-##-(-.---.>.--- -..-|--...--..-------|......---).--- #--#.# ##...#` ### |.......||...-- -....| --......| |..| |........|--- |.--#..|.|*## ##*#f...-----.--- --..-----......---..---........| |)..|[##.# # `###.@...|--...| ---- |.....................---- |)...(.#[#-#`####...---|...-| |...........^....^----- |......|....#####.#.-- |....| --.--.---........-- -----.----...#....#..| --..-- ------ ---..|.--- --- |..).`#####-- ---- ------ ----###`#* Breadmaster the Kunoichi St:18/01 Dx:17 Co:18 In:8 Wi:6 Ch:6 Lawful S:20974 Dlvl:11 $:1422 HP:0(90) Pw:41(41) AC:1 Xp:9/4724 T:8532 Stone Latest messages: You swap places with your tiger. You see here an uncursed lamp. You find a hidden door. You see here an uncursed lamp. You swap places with your tiger. The tiger drops a quarterstaff. You see here an uncursed lamp. This door is locked. Unlock it with your key? [ynq] (q) y You succeed in unlocking the door. The door opens. You climb up the stairs. The tiger is hit by an arrow! What do you want to use or apply? [abgip-rtwxB-EMORUXY or ?*] ? Never mind. With great effort you move the boulder. Restoring save file... Konnichi wa breadmaster, the human Samurai, welcome back to xNetHack! Be careful! New moon tonight. You see here a key. You see here 2 crossbow bolts. You see here a key. You hear crashing rock. The cockatrice bites! The cockatrice touches you! You hear the cockatrice's hissing! You lacerate the cockatrice! You are slowing down. Are you sure you want to pray? [yn] (n) y You begin praying to Amaterasu Omikami. You are surrounded by a shimmering light. The cockatrice starts to attack you, but pulls back. The cockatrice starts to attack you, but pulls back. The cockatrice starts to attack you, but pulls back. You finish your prayer. You feel that Amaterasu Omikami is well-pleased. You feel more limber. You hit the cockatrice! The cockatrice bites! The cockatrice touches you! You hear the cockatrice's hissing! You kill the cockatrice! You are slowing down. Are you sure you want to pray? [yn] (n) y You begin praying to Amaterasu Omikami. Your limbs are stiffening. Your limbs have turned to stone. You have turned to stone. You are a statue. Do you want your possessions identified? [ynq] (y) q Inventory: Inventory: 841/975 weight (52/52 slots) Coins $ - 1422 gold pieces {14} Amulets T - an uncursed gold amulet of flying {34} Weapons d - 28 +0 ya (in quiver) {28} c - a +0 yumi (alternate weapon; not wielded) {30} S - the blessed rustproof +0 Excalibur (weapon in hand) {40} Armor P - an uncursed greased +0 elven helm (being worn) {3} y - an uncursed +0 pair of leather yugake (being worn) {8} I - an uncursed +0 pair of speed boots (being worn) {15} L - an uncursed +0 large shield (being worn) {75} N - an uncursed +0 dwarvish ring mail (being worn) {180} Scrolls n - an uncursed scroll of amnesia {5} Z - an uncursed scroll of confuse monster {5} z - a cursed scroll of create monster {5} s - 2 uncursed scrolls of destroy armor {10} v - a blessed scroll of enchant weapon {5} f - an uncursed scroll of enchant weapon {5} H - 2 uncursed scrolls of fire {10} m - 2 uncursed scrolls of genocide {10} K - an uncursed scroll of gold detection {5} e - 3 uncursed scrolls of light {15} j - a cursed scroll of light {5} V - an uncursed scroll of remove curse {5} G - a cursed scroll of remove curse {5} k - 2 uncursed scrolls of teleportation {10} F - a cursed scroll of water {5} Potions W - a cursed potion of acid {20} J - an uncursed potion of healing {20} i - a blessed potion of oil {20} u - an uncursed potion of sickness {20} Q - 2 potions of holy water {40} Rings l - an uncursed +1 ring of gain strength {3} A - a cursed ring of hunger {3} o - an uncursed ring of polymorph control {3} h - an uncursed ring of regeneration {3} Wands C - a wand of cold (0:5) {7} b - a wand of digging (0:2) {7} O - a cursed wand of fire (0:4) {7} p - a wand of light (0:12) {7} t - a wand of magic missile (0:7) {7} Y - a wand of magic missile (0:4) {7} q - a wand of magic missile (0:3) {7} g - a wand of magic missile (0:0) {7} w - a wand of striking (0:8) {7} a - a wand of striking (0:3) {7} M - a wand of teleportation (0:6) {7} U - a wand of undead turning (0:3) {7} Tools x - a can of grease (0:4) {15} E - an uncursed oil lamp (lit) {20} D - an uncursed silver oil lamp {21} X - an uncursed skeleton key {3} R - 7 cursed tallow candles {14} Gems/Stones r - an uncursed luckstone {10} B - an uncursed touchstone {10} Breadmaster the Samurai's attributes: Background: You were a Kunoichi, a level 9 female human Samurai. You were lawful, on a mission for Amaterasu Omikami who was opposed by Raijin (neutral) and Susanowo (chaotic). You were heterosexual. You were in the Gnomish Mines, on level 11. You entered the dungeon 8532 turns ago. There was a new moon in effect when your adventure ended. You had 4724 experience points, 396 more were needed to attain level 10. Your score was 20974 before end-of-game adjustments. Basics: You had 0 out of 90 hit points. You had all 41 energy points (spell power). Your armor class was 1. Your wallet contained 1422 zorkmids. Autopickup was off. Final Characteristics: Your strength was 18/01 (peak:18/02, limit:18/100). Your dexterity was 17 (peak:18, limit:18). Your constitution was 18 (limit:18). Your intelligence was 8 (limit:18). Your wisdom was 6 (peak:7, limit:18). Your charisma was 6 (limit:18). Final Status: You turned into stone. You were not hungry. You were unencumbered. You were wielding a long sword. You had expert skill with long sword. Final Attributes: You were piously aligned. You were level-drain resistant. You were telepathic. You had automatic searching. You were warded. You were very fast. You were lucky. You had extra luck. Bad luck did not time out for you. Good luck did not time out for you. You are dead. Miscellaneous: You never encountered a bones level. Total elapsed playing time was 13 hours, 48 minutes and 46 seconds. Major events: Turn 1: breadmaster the lawful female human Samurai entered the dungeon 499: entered the Gnomish Mines 571: attained the rank of Ronin (level 3) 3259: attained the rank of Kunoichi (level 6) 3732: entered Sokoban 5976: was given Excalibur by the Lady of the Lake 6081: reached Mine Town 8532: petrified by a cockatrice Vanquished creatures: 2 vampires 7 orc-captains an elven monarch a stalker a fire elemental a small mimic an ettin mummy 2 trolls a wood golem a djinni a tengu a leocrotta 2 giant beetles a cockatrice a winter wolf cub 2 giant spiders a black light a rust monster a gold golem a dingo a dust vortex an ape a human zombie a soldier ant 2 fire ants 5 bugbears 4 Mordor orcs 5 Uruk-hai 6 orc shamans 2 rock piercers 2 rock moles a fog cloud 14 gnome leaders 2 gnomish wizards 5 kobold mummies a gray ooze an elf zombie a straw golem 3 giant ants a little dog 6 floating eyes 3 kittens 3 dwarves 2 homunculi a kobold shaman 21 hill orcs 4 rothes an orc zombie a dwarf zombie 3 iguanas an acid blob a gas spore 2 hobbits 2 large kobolds 17 hobgoblins 3 orcs 3 giant rats 2 cave spiders a yellow mold 2 green molds 3 red molds 68 gnomes a gecko 8 jackals a fox 2 kobolds 11 goblins 4 sewer rats 2 grid bugs 5 lichens 3 kobold zombies 276 creatures vanquished. No species were genocided or became extinct. Voluntary challenges: You read items or engraved 9 times. You never genocided any monsters. You never polymorphed an object. You used no wishes. You never scared an enemy with impunity. You were celibate. You never generated conflict. You did not violate any of the special Sokoban rules. Achievements: You entered the Gnomish Mines. You attained the rank of Ronin. You entered a shop. You attained the rank of Kunoichi. You entered Sokoban. You entered Minetown. Dungeon overview: The Dungeons of Doom: levels 1 to 8 Level 1: A grave. Level 2: A fountain. Level 3: An armor shop, many fountains. Stairs down to The Gnomish Mines. Level 4: A potion shop. Level 5: Level 6: Level 7: Many fountains. Oracle of Delphi. Level 8: A fountain, a tree. Stairs up to Sokoban, level 7. The Gnomish Mines: levels 4 to 12 Level 4: Level 5: Level 6: Level 7: A lighting shop, an altar, a fountain. Level 8: Level 9: Level 10: Level 11: <- You were here. Final resting place for you, petrified by a cockatrice. Level 12: Some fountains. Sokoban: Level 7: Unsolved. Game over: __________ / \ / REST \ / IN \ / PEACE \ / \ | breadmaster | | 1422 Au | | petrified by a | | cockatrice | | | | | | 2023 | *| * * * | * _________)/\\_//(\/(/\)/\//\/|_)_______ Sayonara breadmaster the Samurai... You turned to stone in The Gnomish Mines on dungeon level 11 with 20832 points, and 1422 pieces of gold, after 8532 moves. You were level 9 with a maximum of 90 hit points when you turned to stone.